AoeStats
← tchookuan77

Lombardia

508215632Analyzed
4v4 RM · 10d ago on Sep 21, 2026· 34m 47s· 8 players
Game mode
Random Map
Map size
Large (8 player)
Population
200
Speed
Normal
Resources
Standard
Victory
Conquest
Starting age
Dark Age
Ending age
Imperial Age
RankedLock teamsTeams togetherTeam positionsShared explorationLock speedFull tech treeHidden civsTurbo modeCheats
Victory
Defeat
🇹🇼 Persians · Taiwan
1138
+14
🇹🇼 Huns · Taiwan
1113
+15
🇹🇼 Hindustanis · Taiwan
1106
+15
🇹🇼 Cumans · Taiwan
1105
+15
🇮🇩 Burgundians · Indonesia
1108
-15
🇬🇷 Sicilians · Greece
1095
-15
🇨🇳 Cumans · China
1093
-15
🇨🇳 Koreans · China
1075
-14
mAjiCode
7:13 Double-Bit Axe
11:23 Feudal Age
10:39 Horse Collar
15:09 Castle Age
13:17 Heavy Plow
13:33 Bow Saw
16:07 Cavalier
16:48 Husbandry
16:55 Loom
22:35 Wheelbarrow
22:56 Wheelbarrow
22:05 Pikeman
25:40 Forging
25:46 Squires
26:04 Hand Cart
tugou
aLaNi
5:19 Loom
11:45 Feudal Age
13:34 Wheelbarrow
20:58 Fletching
24:48 Town Watch
26:48 Scale Mail Armor
Joker_xuechen
10:39 Feudal Age
11:35 Loom
12:26 Horse Collar
12:34 Double-Bit Axe
16:33 Castle Age
17:41 Heavy Plow
18:21 Bow Saw
19:18 Gold Mining
20:11 Stone Mining
24:41 Wheelbarrow
24:59 Fletching
25:50 Gold Shaft Mining
25:06 Town Watch
26:53 Hand Cart
27:42 Bodkin Arrow
33:27 Imperial Age
31:17 Padded Archer Armor
31:29 Bloodlines
34:57 Leather Archer Armor
35:12 Conscription
nick690821
8:46 Loom
11:04 Feudal Age
14:57 Castle Age
22:14 Fletching
23:27 Double-Bit Axe
26:20 Padded Archer Armor
28:29 Kamandaran
29:13 Crossbowman
32:28 Bodkin Arrow
noel50711
8:14 Loom
10:02 Feudal Age
8:20 Loom
10:31 Double-Bit Axe
11:34 Horse Collar
15:20 Wheelbarrow
17:42 Gold Mining
20:56 Castle Age
20:05 Bloodlines
20:25 Scale Barding Armor
22:04 Chain Barding Armor
22:06 Bow Saw
23:16 Forging
23:22 Heavy Plow
26:25 Gold Shaft Mining
26:29 Iron Casting
27:40 Hand Cart
31:40 Stone Mining
William
8:20 Loom
12:08 Feudal Age
14:02 Horse Collar
14:15 Double-Bit Axe
19:24 Castle Age
20:06 Wheelbarrow
20:05 Forging
20:00 Scale Barding Armor
21:10 Husbandry
24:24 Hand Cart
26:03 Bloodlines
26:16 Town Watch
29:39 Heavy Plow
29:57 Gold Mining
30:43 Light Cavalry
31:50 Chain Barding Armor
32:15 Iron Casting
tchookuan77
11:14 Feudal Age
15:16 Castle Age
13:49 Double-Bit Axe
15:54 Loom
16:23 Husbandry
16:34 Horse Collar
17:38 Scale Barding Armor
17:46 Forging
19:39 Bloodlines
22:38 Husbandry
23:28 Scale Barding Armor
26:10 Gold Mining
33:30 Bow Saw
35:04 Stone Mining
Connection lost

Rejoining the realm…

Still unreachable

The connection could not be restored.

Session expired

The server has moved on; the page needs a fresh start.